[Event "Titled Tuesday Blitz March 14 Early 2023"]
[White "Bilan, Danila"]
[Black "Demin, Vladimir"]
[WhiteFideId "24161918"]
[BlackFideId "4167457"]
[WhiteElo "2182"]
[BlackElo "2609"]
[Result "0-1"]
[Round "06"]
[TimeControl "180+2"]
[Date "2023.03.14"]
[WhiteClock "0:00:02"]
[BlackClock "0:00:11"]

1. d4 d5 2. Nf3 Nf6 3. c4 e6 4. Nc3 c5 5. cxd5 cxd4 6. Qxd4 exd5 7. Bg5 Be7 8. e3 O-O 9. Bd3 Nc6 10. Qh4 h6 11. Bxh6 Ne4 12. Qh5 gxh6 13. Nxd5 Nf6 14. Nxf6+ Bxf6 15. Qxh6 Qxd3 16. Qxf6 Qg6 17. Qf4 Qg4 18. Qf6 Be6 19. h4 Qg7 20. Qxg7+ Kxg7 21. Ng5 Bd5 22. e4 Rae8 23. f3 f5 24. O-O-O Bxa2 25. Rd7+ Kg8 26. Rxb7 fxe4 27. Nxe4 Nd4 28. Rd1 Nb3+ 29. Kc2 Rxe4 30. fxe4 Rc8+ 31. Kd3 Nc5+ 32. Kd4 Nxb7 33. Ra1 Rd8+ 34. Ke3 Be6 35. Rxa7 Nc5 36. Rc7 Nd3 37. b3 Ne5 38. Rc5 Nf7 39. b4 Rb8 40. b5 Bd7 41. Kf4 Bxb5 42. g4 Bd7 43. g5 Kg7 44. h5 Rb1 45. h6+ Kg6 46. Ra5 Rf1+ 47. Ke3 Rh1 48. Ra6+ Kxg5 49. Ra7 Be6 50. Re7 Kf6 51. Re8 Rxh6 52. Kd4 Rh4 53. Kc5 Rxe4 54. Kb6 Rc4 55. Ra8 Rc1 56. Ra3 Ke7 57. Re3 Nd6 58. Re2 Rc8 59. Re1 Kd7 60. Rd1 Bc4 61. Rd2 Rb8+ 62. Ka7 Rb1 63. Rd4 Kc7 64. Ka8 Ra1# 0-1


[Site "https://www.chess.com"]

[Event "Titled Tuesday Blitz March 14 Early 2023"]
[White "polandchessplayer"]
[Black "Jiang, Andrew"]
[BlackFideId "30953510"]
[WhiteElo "2592"]
[BlackElo "1883"]
[Result "1-0"]
[Round "06"]
[TimeControl "180+2"]
[Date "2023.03.14"]
[WhiteClock "0:00:34"]
[BlackClock "0:00:17"]

1. d4 d5 2. c4 e6 3. Nc3 Nf6 4. cxd5 exd5 5. Bg5 Bb4 6. e3 h6 7. Bh4 g5 8. Bg3 Ne4 9. Qc2 h5 10. Bd3 h4 11. Bxe4 hxg3 12. Bd3 gxh2 13. Ne2 Nc6 14. O-O-O Be6 15. a3 Bxc3 16. Nxc3 Qf6 17. Qe2 O-O-O 18. b4 Rde8 19. Kb2 Bf5 20. Nxd5 Qe6 21. Nc3 Bxd3 22. Qxd3 Qf6 23. Rd2 g4 24. Nd5 Qd6 25. Nf4 Rh6 26. Rc2 Rf6 27. g3 Rh8 28. Rc5 Ne7 29. Qe4 Nf5 30. Rhc1 Kb8 31. Rxf5 Rxf5 32. Qxf5 h1=Q 33. Rxh1 Rxh1 34. Qxf7 a6 35. Qe8+ Ka7 36. Qe5 Qc6 37. Qc5+ Qxc5 38. bxc5 Rh2 39. Nd3 b6 40. Kc3 Kb7 41. cxb6 cxb6 42. e4 Kc6 43. d5+ Kd6 44. Kd4 Rh1 45. e5+ Kd7 46. d6 Ra1 47. Kd5 Rxa3 48. e6+ Kd8 49. Ne5 Ra5+ 50. Ke4 Ke8 51. d7+ Ke7 52. Nc6+ 1-0


[Site "https://www.chess.com"]

[Event "Titled Tuesday Blitz March 14 Early 2023"]
[White "Rosen, Eric"]
[Black "Staudenhocker43"]
[WhiteFideId "2032562"]
[WhiteElo "2331"]
[BlackElo "2421"]
[Result "1-0"]
[Round "06"]
[TimeControl "180+2"]
[Date "2023.03.14"]
[WhiteClock "0:00:04"]
[BlackClock "0:00:07"]

1. d4 Nf6 2. Bf4 c5 3. e3 Qb6 4. Na3 Qxb2 5. Nb5 Nd5 6. a3 a6 7. Rb1 Qa2 8. Ra1 Qb2 9. Rb1 Qa2 10. Qc1 axb5 11. Ra1 Qxa1 12. Qxa1 Nxf4 13. exf4 cxd4 14. Bxb5 e6 15. Qxd4 Rxa3 16. Nf3 Nc6 17. Bxc6 bxc6 18. O-O f6 19. Rb1 Be7 20. h4 O-O 21. Rb8 c5 22. Qb2 Ra7 23. Qb6 Ra6 24. Qb5 Rc6 25. Qa4 Ba6 26. Rxf8+ Kxf8 27. h5 Kf7 28. Nd2 Rd6 29. Ne4 Rd1+ 30. Kh2 Bb7 31. c3 Re1 32. Nxc5 Bc6 33. Qc4 Bxc5 34. Qxc5 Re4 35. Kg3 h6 36. f3 Ra4 37. Qd6 Rc4 38. Qd2 f5 39. Qb2 Ke7 40. Qa3+ Kf7 41. Qb3 Rc5 42. Qb4 Rd5 43. Qc4 Rd2 44. Qb4 Rd5 45. Qb3 Rd3 46. Qc2 Rd5 47. c4 Rd4 48. Qc3 Rd1 49. Kf2 Rb1 50. Ke3 Rg1 51. Qc2 Re1+ 52. Kd4 Kf6 53. Kc5 Rg1 54. Kd6 Kf7 55. Kc7 Re1 56. Kd8 g6 57. Qc3 gxh5 58. Qxe1 1-0


[Site "https://www.chess.com"]

[Event "Titled Tuesday Blitz March 14 Early 2023"]
[White "Shevtchenko, Olesya"]
[Black "Lopez Mulet, Inigo"]
[WhiteFideId "24131890"]
[BlackFideId "22235620"]
[WhiteElo "2003"]
[BlackElo "2289"]
[Result "0-1"]
[Round "06"]
[TimeControl "180+2"]
[Date "2023.03.14"]
[WhiteClock "0:00:15"]
[BlackClock "0:00:30"]

1. e4 g6 2. Nc3 Bg7 3. d4 c5 4. dxc5 Bxc3+ 5. bxc3 Qa5 6. Qd4 Nf6 7. Qb4 Qc7 8. Nf3 Nc6 9. Qa3 Nxe4 10. Bd3 f5 11. O-O O-O 12. Re1 Nf6 13. Bh6 Re8 14. Nd4 Nxd4 15. cxd4 Qc6 16. Bc4+ e6 17. Rad1 b6 18. Qg3 d5 19. Qe5 Kf7 20. Bg5 Nd7 21. Qe3 bxc5 22. Bf1 c4 23. h4 Rb8 24. h5 Rb6 25. Qh3 Nf6 26. hxg6+ hxg6 27. Qh4 Nh5 28. g4 Ng7 29. gxf5 exf5 30. Bg2 Bb7 31. Kf1 c3 32. Rxe8 Qxe8 33. Bf4 Re6 34. Be5 Rxe5 35. dxe5 Qxe5 36. Qd4 Qxd4 37. Rxd4 Ne6 38. Rd3 Ba6 39. Ke2 Nf4+ 40. Kf3 Bxd3 41. Kxf4 Bxc2 42. Bxd5+ Kf6 43. Ke3 Ke5 44. Bf7 a5 45. f4+ Kf6 46. Bc4 Be4 47. Bb3 Kg7 48. Kd4 c2 49. Bxc2 Bxc2 0-1


[Site "https://www.chess.com"]

[Event "Titled Tuesday Blitz March 14 Early 2023"]
[White "Zarnicki, Pablo"]
[Black "Bochnicka, Vladimir"]
[WhiteFideId "100137"]
[BlackFideId "14943450"]
[WhiteElo "2468"]
[BlackElo "2094"]
[Result "1-0"]
[Round "06"]
[TimeControl "180+2"]
[Date "2023.03.14"]
[WhiteClock "0:00:17"]
[BlackClock "0:02:11"]

1. e4 c5 2. Nf3 Nc6 3. d4 cxd4 4. Nxd4 e5 5. Nb5 d6 6. c4 Be7 7. N5c3 f5 8. Be2 f4 9. Bg4 Nf6 10. Bxc8 Qxc8 11. O-O O-O 12. f3 Qe6 13. Nd5 Bd8 14. Nbc3 Kh8 15. Qe2 Nd4 16. Qf2 Rc8 17. b3 b5 18. Nxf6 Rxf6 19. Nd5 Rh6 20. Bb2 Rxh2 21. Kxh2 Qh6+ 22. Kg1 Bh4 23. Bxd4 exd4 24. Qxd4 Bg3 25. Rfc1 Qh1+ 26. Kxh1 1-0


[Site "https://www.chess.com"]

[Event "Titled Tuesday Blitz March 14 Early 2023"]
[White "Leve, Nitai"]
[Black "Karttunen, Mika"]
[WhiteFideId "2006898"]
[BlackFideId "502081"]
[WhiteElo "2144"]
[BlackElo "2396"]
[Result "1-0"]
[Round "06"]
[TimeControl "180+2"]
[Date "2023.03.14"]
[WhiteClock "0:00:07"]
[BlackClock "0:00:45"]

1. e4 c6 2. d4 d5 3. exd5 cxd5 4. c4 Nf6 5. Nc3 e6 6. Nf3 Bb4 7. cxd5 Nxd5 8. Qc2 Nc6 9. Bd3 Be7 10. a3 Nf6 11. Be3 O-O 12. O-O h6 13. Ne4 Nd5 14. Bd2 Bd7 15. Rad1 Rc8 16. Qb1 Qb6 17. Be3 a5 18. Nc5 Rfd8 19. Nxd7 Rxd7 20. Kh1 Bf6 21. Bh7+ Kh8 22. Be4 Rcd8 23. Qc1 Nxe3 24. fxe3 Rc7 25. Qd2 Kg8 26. Qf2 Ne7 27. Ne5 Nd5 28. Ng4 Bg5 29. h4 Bf6 30. Bxd5 exd5 31. Nxf6+ Qxf6 32. Qxf6 gxf6 33. Rxf6 Kg7 34. Rdf1 Rdd7 35. R6f4 Rc2 36. R1f2 Rc1+ 37. Kh2 Re1 38. R2f3 Re2 39. Rg3+ Kf8 40. h5 Rxb2 41. Rfg4 b5 42. Rg8+ Ke7 43. Rh8 b4 44. axb4 a4 45. Rxh6 a3 46. Ra6 a2 47. h6 Rc7 48. h7 Rc6 49. h8=Q Rxa6 50. Qe5+ Kd7 51. Qxd5+ Kc7 52. Qxf7+ Kb6 53. Rg6+ Kb5 54. Qd5+ Kxb4 55. Qc5+ Kb3 56. Rxa6 1-0


[Site "https://www.chess.com"]

[Event "Titled Tuesday Blitz March 14 Early 2023"]
[White "Tokhirjonova, Gulrukhbegim"]
[Black "Kraus, Tomas"]
[WhiteFideId "14203626"]
[BlackFideId "331708"]
[WhiteElo "2268"]
[BlackElo "2389"]
[Result "1-0"]
[Round "06"]
[TimeControl "180+2"]
[Date "2023.03.14"]
[WhiteClock "0:00:13"]
[BlackClock "0:00:03"]

1. Nf3 d5 2. g3 Nf6 3. Bg2 Nbd7 4. d4 Nb6 5. O-O c6 6. Bf4 Bf5 7. b3 e6 8. Ne5 Bd6 9. h3 O-O 10. g4 Bg6 11. Nd2 Bxe5 12. Bxe5 Ne4 13. Nxe4 dxe4 14. c4 Nd7 15. Bg3 f5 16. Qd2 Qf6 17. Qf4 Rae8 18. Rad1 e5 19. dxe5 Nxe5 20. g5 Qf7 21. Rd6 Bh5 22. Qh4 Bxe2 23. Re1 Ng6 24. Rxg6 Qxg6 25. Rxe2 Rd8 26. Qf4 Rd1+ 27. Kh2 Rd3 28. Re3 Rd1 29. h4 Rfd8 30. Re2 R1d3 31. f3 exf3 32. Bxf3 Qf7 33. Bg2 g6 34. Qe5 R3d7 35. a4 a6 36. b4 Rd4 37. Rc2 Rxc4 38. Rxc4 Qxc4 39. Qe7 Rf8 40. a5 f4 41. Bf2 f3 42. Bh3 Qf4+ 43. Kg1 Qc1+ 44. Kh2 Qf4+ 45. Kg1 Qc1+ 46. Bf1 Qf4 47. Qe6+ Qf7 48. Qe4 Qf5 49. Bc4+ Kg7 50. Bd4+ Rf6 51. Bxf6+ Kf8 52. Qe7# 1-0


[Site "https://www.chess.com"]

[Event "Titled Tuesday Blitz March 14 Early 2023"]
[White "ArtemDyachuk"]
[Black "Manukyan, Sargis V."]
[BlackFideId "13303465"]
[WhiteElo "2384"]
[BlackElo "2236"]
[Result "1/2-1/2"]
[Round "06"]
[TimeControl "180+2"]
[Date "2023.03.14"]
[WhiteClock "0:01:06"]
[BlackClock "0:01:06"]

1. Nf3 Nf6 2. c4 c5 3. e3 g6 4. b3 Bg7 5. Bb2 O-O 6. Be2 a6 7. O-O Nc6 8. Qc1 Rb8 9. Rd1 d6 10. d4 Qc7 11. d5 Na5 12. Nc3 Bd7 13. e4 Ng4 14. h3 Ne5 15. Nxe5 Bxe5 16. Qh6 b5 17. f4 Bd4+ 18. Kh1 bxc4 19. e5 cxb3 20. Ne4 f6 21. Bxd4 cxd4 22. e6 Bb5 23. Bxb5 Rxb5 24. axb3 Nxb3 25. f5 g5 26. Rxa6 Rxd5 27. Ra3 Qc2 28. Re1 Re5 29. Ra7 Rxe4 30. Rxe7 Rxe1+ 31. Kh2 Rh1+ 32. Kxh1 Qc1+ 33. Kh2 Qf4+ 34. Kg1 Qe3+ 35. Kh1 Qc1+ 36. Kh2 Qf4+ 37. Kg1 Qc1+ 38. Kh2 1/2-1/2


[Site "https://www.chess.com"]

[Event "Titled Tuesday Blitz March 14 Early 2023"]
[White "littlepillow2010"]
[Black "Loiacono, Antonio"]
[BlackFideId "895415"]
[WhiteElo "2381"]
[BlackElo "2257"]
[Result "1-0"]
[Round "06"]
[TimeControl "180+2"]
[Date "2023.03.14"]
[WhiteClock "0:00:02"]
[BlackClock "0:00:04"]

1. e4 e5 2. Nf3 Nc6 3. Bb5 a6 4. Ba4 g6 5. O-O Bg7 6. c3 Nge7 7. d4 exd4 8. cxd4 b5 9. Bc2 d5 10. Nc3 O-O 11. exd5 Nxd5 12. Bg5 Qd7 13. Be4 Nxc3 14. bxc3 Bb7 15. Re1 Rfe8 16. Qc2 Na5 17. Bxb7 Nxb7 18. Rxe8+ Rxe8 19. Re1 Rxe1+ 20. Nxe1 Nd6 21. Nd3 Qf5 22. Be3 a5 23. Qe2 h5 24. h3 Qd5 25. Bf4 Ne4 26. Bxc7 Nxc3 27. Qe8+ Bf8 28. Bxa5 Ne4 29. Bb4 Nd6 30. Bxd6 Qxd6 31. Ne5 Qd5 32. Nd7 Qd6 33. Kf1 Kg7 34. Qxf8+ Qxf8 35. Nxf8 Kxf8 36. Ke2 Ke7 37. Kd3 Kd6 38. Ke4 f5+ 39. Ke3 Kd5 40. Kd3 h4 41. g3 g5 42. gxh4 gxh4 43. Ke3 1-0


[Site "https://www.chess.com"]

[Event "Titled Tuesday Blitz March 14 Early 2023"]
[White "Kopczynski, Michal"]
[Black "Mirzanurov, Bulat"]
[WhiteFideId "1124200"]
[BlackFideId "4184521"]
[WhiteElo "2212"]
[BlackElo "2019"]
[Result "1-0"]
[Round "06"]
[TimeControl "180+2"]
[Date "2023.03.14"]
[WhiteClock "0:02:02"]
[BlackClock "0:01:35"]

1. e4 c5 2. d4 cxd4 3. c3 dxc3 4. Nxc3 e6 5. f4 a6 6. Nf3 b5 7. Bd3 Bb7 8. O-O Bc5+ 9. Kh1 Nf6 10. e5 Nd5 11. Qe1 Qb6 12. Ne4 Nb4 13. Bb1 N8c6 14. Qg3 O-O 15. Nf6+ Kh8 16. Nxh7 Rfe8 17. Nf6 gxf6 18. exf6 1-0


[Site "https://www.chess.com"]

[Event "Titled Tuesday Blitz March 14 Early 2023"]
[White "Buscar, Michael"]
[Black "Wartiovaara, Oliver"]
[WhiteFideId "2603616"]
[BlackFideId "513024"]
[WhiteElo "2010"]
[BlackElo "2214"]
[Result "1-0"]
[Round "06"]
[TimeControl "180+2"]
[Date "2023.03.14"]
[WhiteClock "0:00:18"]
[BlackClock "0:00:22"]

1. d4 d5 2. c4 e6 3. Nc3 c6 4. Nf3 dxc4 5. a4 Bb4 6. e3 b5 7. Ne5 Qb6 8. Qf3 Qb7 9. Bd2 Bxc3 10. Bxc3 Nf6 11. Bb4 Nd5 12. Bc5 f6 13. Qh5+ g6 14. Nxg6 Qf7 15. Nf4 Nxf4 16. Qxf7+ Kxf7 17. exf4 Nd7 18. Bd6 Bb7 19. Be2 a6 20. Ra3 Nb6 21. Bh5+ Kg7 22. Rg3+ Kh6 23. Bf3 Rhg8 24. f5 e5 25. dxe5 fxe5 26. Bxe5 Rge8 27. O-O Rxe5 28. Rd1 Nd5 29. Rd4 Rxf5 30. Rh4+ 1-0


[Site "https://www.chess.com"]

[Event "Titled Tuesday Blitz March 14 Early 2023"]
[White "Kozin, Yuri"]
[Black "Sovetbekova, Nurai"]
[WhiteFideId "4129920"]
[BlackFideId "13801910"]
[WhiteElo "2518"]
[BlackElo "1857"]
[Result "1-0"]
[Round "06"]
[TimeControl "180+2"]
[Date "2023.03.14"]
[WhiteClock "0:00:39"]
[BlackClock "0:00:11"]

1. e4 c5 2. Nf3 d6 3. d4 cxd4 4. Nxd4 Nf6 5. Nc3 a6 6. Be3 e5 7. Nf3 Be7 8. Bc4 b5 9. Bd5 Nxd5 10. Qxd5 Nc6 11. Qxc6+ Bd7 12. Qd5 O-O 13. Qd2 Rc8 14. Nd5 f5 15. exf5 Bxf5 16. c3 Be4 17. O-O-O Bf6 18. Nxf6+ Rxf6 19. Nxe5 Qa5 20. f3 Qxa2 21. fxe4 dxe5 22. Qd5+ Qxd5 23. Rxd5 b4 24. Rd3 Rc4 25. Rhd1 Rxe4 26. Kc2 bxc3 27. Rxc3 Kf7 28. Rd7+ Kg6 29. Kd3 Rg4 30. g3 Rb4 31. Kc2 Rf3 32. Bc5 Rf2+ 33. Bxf2 1-0


[Site "https://www.chess.com"]

[Event "Titled Tuesday Blitz March 14 Early 2023"]
[White "Turzo, Attila"]
[Black "Bolanos, Fernando"]
[WhiteFideId "704954"]
[BlackFideId "3304094"]
[WhiteElo "2517"]
[BlackElo "2166"]
[Result "1-0"]
[Round "06"]
[TimeControl "180+2"]
[Date "2023.03.14"]
[WhiteClock "0:00:32"]
[BlackClock "0:00:08"]

1. e4 c5 2. Nc3 Nc6 3. f4 e6 4. Nf3 a6 5. g3 b5 6. Bg2 Bb7 7. O-O d6 8. d3 Nge7 9. Ne2 g6 10. g4 h5 11. h3 Bg7 12. Ng3 Qb6 13. gxh5 gxh5 14. c3 O-O-O 15. Ng5 Rdf8 16. f5 exf5 17. Nxf5 Nxf5 18. Rxf5 Ne5 19. Be3 Bh6 20. Qe2 Kb8 21. Raf1 Bc8 22. Rf6 Bxg5 23. Bxg5 Rhg8 24. h4 Be6 25. b3 Ng4 26. R6f4 c4+ 27. d4 cxb3 28. axb3 Bxb3 29. Rb1 Bc4 30. Qxc4 f6 31. Qf1 Qd8 32. e5 fxg5 33. Rxb5+ axb5 34. Qxb5+ Kc8 35. Qb7# 1-0


[Site "https://www.chess.com"]

[Event "Titled Tuesday Blitz March 14 Early 2023"]
[White "Sai Han Thiha"]
[Black "Seresin, Francesco"]
[WhiteFideId "13012290"]
[BlackFideId "886335"]
[WhiteElo "1954"]
[BlackElo "2219"]
[Result "1/2-1/2"]
[Round "06"]
[TimeControl "180+2"]
[Date "2023.03.14"]
[WhiteClock "0:00:04"]
[BlackClock "0:00:13"]

1. d4 d5 2. c4 e6 3. Nc3 Nf6 4. Bg5 dxc4 5. e3 c5 6. dxc5 Qa5 7. Bxf6 gxf6 8. Bxc4 Bxc5 9. Nf3 Bd7 10. O-O Bc6 11. Nd4 Bxd4 12. Qxd4 Qe5 13. Qxe5 fxe5 14. Rfd1 Ke7 15. f3 Nd7 16. Kf2 h5 17. Rd2 h4 18. Rad1 Nb6 19. Bb5 Rac8 20. Bxc6 Rxc6 21. Ne4 Nd5 22. Ng5 Rhc8 23. e4 Nb6 24. g3 hxg3+ 25. Kxg3 Kf6 26. h4 Rg8 27. Kh3 Rcc8 28. Nh7+ Kg7 29. Ng5 Kf6 30. Rg2 Rg7 31. Rdg1 Rh8 32. Rg4 Nd7 33. Kg3 Nf8 34. Nh3 Ng6 35. f4 exf4+ 36. Nxf4 Rxh4 37. Rxh4 Nxh4+ 38. Kf2 Rxg1 39. Kxg1 Ke5 40. Ne2 Kxe4 41. Kf2 f5 42. Nc3+ Kf4 43. Nb5 e5 44. Nxa7 e4 45. Nb5 Nf3 46. Nd4 Ne5 47. Ne2+ Kg4 48. Nd4 Nd3+ 49. Ke3 Nxb2 50. a3 Nc4+ 51. Ke2 Nxa3 52. Ne6 Nc4 53. Nc5 f4 54. Nxb7 f3+ 55. Kf1 e3 56. Nc5 Kg3 57. Ne4+ Kf4 58. Nc5 Nd2+ 59. Kg1 f2+ 60. Kh2 f1=Q 61. Ne6+ Kf3 62. Nd4+ Ke4 63. Nf3 Qf2+ 64. Kh3 Qxf3+ 65. Kh4 Nf1 66. Kg5 e2 67. Kh6 Qf5 68. Kg7 e1=Q 69. Kh8 Qg3 1/2-1/2


[Site "https://www.chess.com"]

[Event "Titled Tuesday Blitz March 14 Early 2023"]
[White "Botez, Alexandra"]
[Black "Rom, Jasper"]
[WhiteFideId "2603365"]
[BlackFideId "2023733"]
[WhiteElo "2059"]
[BlackElo "2233"]
[Result "1/2-1/2"]
[Round "06"]
[TimeControl "180+2"]
[Date "2023.03.14"]
[WhiteClock "0:00:23"]
[BlackClock "0:00:07"]

1. d4 d5 2. c4 e6 3. Nf3 c6 4. Nc3 dxc4 5. a4 Bb4 6. e3 b5 7. Bd2 a5 8. axb5 Bxc3 9. bxc3 cxb5 10. Qb1 Bd7 11. Ne5 Nf6 12. Be2 O-O 13. g4 Be8 14. Bf3 Ra7 15. h4 Nd5 16. g5 f6 17. gxf6 Qxf6 18. Rh3 Nc6 19. Ng4 Qf7 20. h5 Nf6 21. Nh2 Nd5 22. Ng4 Nf6 23. Nh2 Nd5 24. Ng4 1/2-1/2


[Site "https://www.chess.com"]

[Event "Titled Tuesday Blitz March 14 Early 2023"]
[White "Lesbekova, Assel"]
[Black "Rodchenkov, Sergey D."]
[WhiteFideId "13713248"]
[BlackFideId "4168712"]
[WhiteElo "1799"]
[BlackElo "2277"]
[Result "0-1"]
[Round "06"]
[TimeControl "180+2"]
[Date "2023.03.14"]
[WhiteClock "0:00:09"]
[BlackClock "0:00:08"]

1. e4 c5 2. Nf3 d6 3. Bb5+ Nd7 4. O-O a6 5. Bxd7+ Bxd7 6. e5 dxe5 7. Nxe5 Nf6 8. Re1 e6 9. Qf3 Bd6 10. Qxb7 Bxe5 11. Rxe5 O-O 12. Qf3 Qc7 13. Re1 Bc6 14. Qg3 Qb7 15. Nc3 Nh5 16. Qg4 g6 17. f3 f5 18. Qc4 Bd5 19. Nxd5 exd5 20. Qxc5 Rac8 21. Qd6 Rxc2 22. Re7 Qb5 23. Qe6+ Kh8 24. b3 Qc5+ 25. Qe3 Rxc1+ 26. Rxc1 Qxc1+ 27. Kf2 Nf6 28. Re6 Qb2 29. h4 f4 30. Qd3 Rd8 31. Re2 Qa3 32. Qd4 Qd6 33. d3 Kg7 34. Rc2 Rd7 35. Rc8 Rc7 36. Rxc7+ Qxc7 37. Qa4 Qc2+ 38. Kg1 Qc7 39. Qxa6 Nh5 40. Qa3 Ng3 41. Qb2+ Kh6 42. Kf2 Qb6+ 43. d4 Qe6 44. Qd2 g5 45. hxg5+ Kxg5 46. a4 Qb6 47. b4 Qa6 48. b5 Qxa4 49. Qb2 Qc4 50. Kg1 Qf1+ 0-1


[Site "https://www.chess.com"]

[Event "Titled Tuesday Blitz March 14 Early 2023"]
[White "Horak, Martin"]
[Black "Fabris, Alberto"]
[WhiteFideId "367095"]
[BlackFideId "801348"]
[WhiteElo "2091"]
[BlackElo "2202"]
[Result "1-0"]
[Round "06"]
[TimeControl "180+2"]
[Date "2023.03.14"]
[WhiteClock "0:00:08"]
[BlackClock "0:00:08"]

1. d4 Nf6 2. c4 e6 3. g3 d5 4. Bg2 Bb4+ 5. Nd2 O-O 6. a3 Be7 7. Ngf3 c6 8. O-O Nbd7 9. Qc2 b6 10. e4 dxe4 11. Nxe4 Nxe4 12. Qxe4 Bb7 13. Rd1 Nf6 14. Qe2 Qc7 15. Bf4 Bd6 16. Ne5 Rad8 17. c5 Bxe5 18. Bxe5 Qc8 19. Bxf6 gxf6 20. Qh5 Qc7 21. Qh6 Qe7 22. Rac1 b5 23. g4 e5 24. Be4 f5 25. Bxf5 f6 26. d5 cxd5 27. c6 Bc8 28. c7 Rd6 29. Rd3 Qg7 30. Qh5 d4 31. Rh3 Bxf5 32. Qxf5 d3 33. c8=Q d2 34. Qxf8+ Kxf8 35. Rc8+ Ke7 36. Rc7+ Kd8 37. Qc8# 1-0


[Site "https://www.chess.com"]

[Event "Titled Tuesday Blitz March 14 Early 2023"]
[White "Kiseleva, Arina"]
[Black "Martic, Ivan"]
[WhiteFideId "4164989"]
[BlackFideId "929301"]
[WhiteElo "1756"]
[BlackElo "2360"]
[Result "0-1"]
[Round "06"]
[TimeControl "180+2"]
[Date "2023.03.14"]
[WhiteClock "0:00:08"]
[BlackClock "0:01:28"]

1. d4 Nf6 2. Nf3 g6 3. c4 Bg7 4. Nc3 O-O 5. e4 d6 6. Be2 e5 7. d5 a5 8. h3 Na6 9. Be3 Qe8 10. Nd2 Nd7 11. g4 Ndc5 12. Nf1 f5 13. gxf5 gxf5 14. exf5 Bxf5 15. Ng3 Bg6 16. Bh5 Nd3+ 17. Kf1 Nxb2 18. Qg4 Nxc4 19. Qxc4 Bxh5 20. Nxh5 Qxh5 21. h4 Qf3 22. Rg1 Qxe3 23. Nd1 Qd4 24. Qb3 Qxa1 25. h5 Kh8 26. Ke1 Qd4 27. Qh3 Qe4+ 28. Kf1 Bh6 29. Qe6 Qd3+ 30. Kg2 Qf3+ 31. Kh2 Bf4+ 0-1


[Site "https://www.chess.com"]

[Event "Titled Tuesday Blitz March 14 Early 2023"]
[White "Bruedigam, Martin"]
[Black "Torres Dominguez, David"]
[WhiteFideId "24608033"]
[BlackFideId "2220857"]
[WhiteElo "2331"]
[BlackElo "1999"]
[Result "1-0"]
[Round "06"]
[TimeControl "180+2"]
[Date "2023.03.14"]
[WhiteClock "0:01:09"]
[BlackClock "0:00:16"]

1. d4 e5 2. dxe5 d6 3. exd6 Bxd6 4. Nf3 Bg4 5. e3 Nc6 6. Be2 Qe7 7. Nbd2 O-O-O 8. c3 Nf6 9. Qc2 Ne5 10. Nxe5 Qxe5 11. Bxg4+ Nxg4 12. Nf3 Qe6 13. Nd4 Qd7 14. h3 Ne5 15. Qf5 Qxf5 16. Nxf5 Nd3+ 17. Ke2 Be5 18. Rd1 Nxc1+ 19. Raxc1 g6 20. Ne7+ Kb8 21. f4 Bg7 22. Nd5 c6 23. Nb4 Kc7 24. e4 Rhe8 25. Kf3 a5 26. Nc2 b5 27. Ne3 a4 28. a3 h5 29. g4 hxg4+ 30. hxg4 Rh8 31. Rxd8 Kxd8 32. Kg3 Kc7 33. Rd1 Re8 34. Kf3 Rh8 35. Nf1 Rh3+ 36. Kg2 Rh4 37. Kg3 Rh1 38. g5 Bf8 39. Ne3 Rxd1 40. Nxd1 c5 41. Kf3 b4 42. c4 bxa3 43. bxa3 Kb6 44. e5 Be7 45. Ke4 Ka6 46. Nc3 Ka5 47. Kd5 Bf8 48. Kc6 Be7 49. Kd7 Bf8 50. Ke8 1-0


[Site "https://www.chess.com"]

[Event "Titled Tuesday Blitz March 14 Early 2023"]
[White "ritanovikova"]
[Black "Miszler, Levente"]
[BlackFideId "763276"]
[WhiteElo "2143"]
[BlackElo "2176"]
[Result "0-1"]
[Round "06"]
[TimeControl "180+2"]
[Date "2023.03.14"]
[WhiteClock "0:00:37"]
[BlackClock "0:01:10"]

1. e4 c6 2. d4 d5 3. exd5 cxd5 4. Bd3 Nf6 5. h3 Nc6 6. Nf3 e6 7. O-O Bd6 8. b3 h6 9. c4 Bd7 10. Nc3 Bb4 11. Bb2 Qa5 12. Qc2 Ba3 13. Bxa3 Qxa3 14. Nb5 Qa5 15. Nd6+ Ke7 16. c5 Nb4 17. Qd2 b6 18. a3 Nxd3 19. b4 Qa6 20. b5 Bxb5 21. Nxb5 Qxb5 22. Rab1 Qa6 23. cxb6 axb6 24. Rb3 Ne4 25. Qxd3 Qxd3 26. Rxd3 Nd6 27. Ne5 Rhc8 28. Rg3 Kf8 29. Rb3 Nc4 30. Nd7+ Ke7 31. Nxb6 Nxb6 32. Rxb6 Rxa3 33. Rb7+ Kf6 34. Rd1 Rc2 35. f4 Raa2 36. g4 Rg2+ 37. Kf1 Rh2 38. Kg1 Rhg2+ 39. Kf1 Rgf2+ 40. Ke1 Rae2# 0-1


[Site "https://www.chess.com"]

[Event "Titled Tuesday Blitz March 14 Early 2023"]
[White "Jovic, Stanoje"]
[Black "Aung Thant Zin"]
[WhiteFideId "905020"]
[BlackFideId "13000063"]
[WhiteElo "2236"]
[BlackElo "2278"]
[Result "1-0"]
[Round "06"]
[TimeControl "180+2"]
[Date "2023.03.14"]
[WhiteClock "0:02:32"]
[BlackClock "0:02:19"]

1. c4 e5 2. g3 Nf6 3. Bg2 d5 4. cxd5 Nxd5 5. Nf3 Nc6 6. O-O Be7 7. d4 exd4 8. Nxd4 Nxd4 9. Qxd4 Nb6 10. Qxg7 Bf6 11. Qh6 Be6 12. Bxb7 Rb8 13. Bc6+ Ke7 14. b3 Bxa1 15. Ba3+ 1-0


[Site "https://www.chess.com"]

[Event "Titled Tuesday Blitz March 14 Early 2023"]
[White "Shuvalov, Evgenij"]
[Black "Jiganchine, Roman"]
[WhiteFideId "4187237"]
[BlackFideId "2603667"]
[WhiteElo "2080"]
[BlackElo "2320"]
[Result "1-0"]
[Round "06"]
[TimeControl "180+2"]
[Date "2023.03.14"]
[WhiteClock "0:01:00"]
[BlackClock "0:00:03"]

1. d4 d5 2. c4 e6 3. Nc3 Nf6 4. cxd5 Nxd5 5. e4 Nxc3 6. bxc3 c5 7. Rb1 cxd4 8. cxd4 Nd7 9. Nf3 b6 10. Bd3 Bb7 11. O-O Be7 12. Qe2 Rc8 13. Bb2 O-O 14. Rfd1 Re8 15. h3 Nf8 16. Qe3 Ng6 17. g3 Bf6 18. h4 e5 19. dxe5 Nxe5 20. Nxe5 Bxe5 21. Bb5 Qf6 22. Bxe8 Bxb2 23. Bxf7+ Kh8 24. Bd5 Ba6 25. Qg5 Qc3 26. Bb7 Bxb7 27. Qd8+ Rxd8 28. Rxd8# 1-0


[Site "https://www.chess.com"]

[Event "Titled Tuesday Blitz March 14 Early 2023"]
[White "Samaganova, Aleksandra"]
[Black "aidenzhouu"]
[WhiteFideId "13800221"]
[WhiteElo "1858"]
[BlackElo "2413"]
[Result "0-1"]
[Round "06"]
[TimeControl "180+2"]
[Date "2023.03.14"]
[WhiteClock "0:00:01"]
[BlackClock "0:00:05"]

1. c4 Nf6 2. Nc3 g6 3. g3 Bg7 4. Bg2 O-O 5. e3 d6 6. Nge2 e5 7. O-O Nbd7 8. d4 Re8 9. h3 c6 10. Rb1 e4 11. b4 Nf8 12. a4 h5 13. a5 N8h7 14. Nf4 Bf5 15. d5 Ng5 16. dxc6 bxc6 17. b5 Nf3+ 18. Kh1 g5 19. Nfe2 Qc8 20. Qxd6 Bxh3 21. Qxc6 Bxg2+ 22. Kxg2 Qg4 23. Rh1 Rac8 24. Qb7 Rxc4 25. b6 axb6 26. axb6 Nh4+ 27. Kf1 Qf3 28. Rg1 Ng4 29. Nd1 Rc2 30. Qa6 Rd8 31. gxh4 Rxd1# 0-1


[Site "https://www.chess.com"]

[Event "Titled Tuesday Blitz March 14 Early 2023"]
[White "Fathy, Elameir"]
[Black "Chakravarthi Reddy, M"]
[WhiteFideId "10600396"]
[BlackFideId "25009532"]
[WhiteElo "2311"]
[BlackElo "2201"]
[Result "1-0"]
[Round "06"]
[TimeControl "180+2"]
[Date "2023.03.14"]
[WhiteClock "0:01:26"]
[BlackClock "0:01:09"]

1. d4 d5 2. c4 c6 3. Nc3 Nf6 4. e3 e6 5. Nf3 Nbd7 6. Be2 Bd6 7. O-O O-O 8. b3 b6 9. Bb2 Bb7 10. Bd3 c5 11. cxd5 Nxd5 12. Ne4 Be7 13. Qe2 cxd4 14. Nxd4 Nc5 15. Nxc5 Bxc5 16. Rfd1 Qg5 17. Be4 Nc3 18. Bxc3 Bxe4 19. f3 1-0


[Site "https://www.chess.com"]

[Event "Titled Tuesday Blitz March 14 Early 2023"]
[White "Dzhumagaliev, Yan"]
[Black "Kornyukov, Alexey"]
[WhiteFideId "24100110"]
[BlackFideId "4150457"]
[WhiteElo "2476"]
[BlackElo "2352"]
[Result "1-0"]
[Round "06"]
[TimeControl "180+2"]
[Date "2023.03.14"]
[WhiteClock "0:03:02"]
[BlackClock "0:01:35"]

1. Nf3 d5 2. h4 Nf6 3. h5 c5 4. c3 Nc6 5. d4 cxd4 6. cxd4 Bg4 7. h6 g6 8. Nc3 e6 9. Ne5 Nxe5 10. dxe5 Nd7 11. Qa4 Bf5 12. g4 Be4 13. f3 d4 14. Nxe4 Qc7 15. Nf6+ Kd8 1-0


[Site "https://www.chess.com"]